 Dungeon Crawl Stone Soup version 0.28.0-53-g5a82cb258f (webtiles) character file.

Game seed: 13082093587010810509

802 Diggabert the Conjurer (level 7, -3/39 HPs)
             Began as a Deep Elf Conjurer on Aug 18, 2022.
             Slain by a lemure (8 damage)
             ... led by Pikel
             ... on level 4 of the Dungeon.
             The game lasted 00:07:43 (4398 turns).

Diggabert the Conjurer (Deep Elf Conjurer)          Turns: 4398, Time: 00:07:44

Health: -3/39      AC:  3    Str:  4    XL:     7   Next: 59%
Magic:  10/18      EV: 13    Int: 25    God:
Gold:   130        SH:  0    Dex: 13    Spells: 9/19 levels left

rFire   . . .      SeeInvis .   j - +0 short sword (holy)
rCold   . . .      Faith    .   (no shield)
rNeg    . . .      Spirit   .   a - +0 robe
rPois   .          Reflect  .   (no helmet)
rElec   .          Harm     .   l - +0 cloak
rCorr   .          Rampage  .   (no gloves)
Will    .....                   (no boots)
Stlth   ++........              (no amulet)
HPRegen 0.13/turn               (no ring)
MPRegen 0.16/turn               (no ring)

@: no status effects
A: no striking features
a: no special abilities


You were on level 4 of the Dungeon.
You visited 1 branch of the dungeon, and saw 6 of its levels.

You collected 130 gold pieces.

Inventory:

Hand Weapons
 j - a +0 short sword of holy wrath (weapon)
Missiles
 h - a throwing net
Armour
 a - a +0 robe (worn)
 l - a +0 cloak (worn)
Wands
 s - a wand of polymorph (7)
Scrolls
 c - a scroll of vulnerability {unknown}
 d - a scroll of holy word {unknown}
 e - a scroll of summoning {unknown}
 i - a scroll of amnesia {unknown}
 k - a scroll of teleportation {unknown}
 o - a scroll of enchant weapon {unknown}
 p - 2 scrolls of identify
 q - 2 scrolls of magic mapping {unknown}
 r - a scroll of fear {unknown}
Potions
 b - 2 potions of curing
 f - a potion of heal wounds
 g - a potion of haste
 m - a potion of berserk rage {unknown}
 n - a potion of flight {unknown}
 t - a potion of mutation {unknown}


   Skills:
 * Level 1.9 Fighting
 * Level 3.8 Dodging
 - Level 2.4 Stealth
 * Level 6.5 Spellcasting
 * Level 7.7 Conjurations
 * Level 2.9 Hexes


You had 9 spell levels left.
You knew the following spells:

 Your Spells              Type           Power      Damage    Failure   Level
a - Magic Dart            Conj           100%       1d8       1%          1
b - Searing Ray           Conj           92%        2d7       1%          2
c - Dazzling Flash        Conj/Hex       68%        N/A       2%          3
d - Fulminant Prism       Conj/Hex       17%        3d11      8%          4

Your spell library contained the following spells:

 Spells                   Type           Power      Damage    Failure   Level
 Scorch                   Fire           16%        2d6       11%         2
 Flame Wave               Conj/Fire      27%        2d7       14%         4
 Iskenderun's Mystic Bla  Conj/Tloc      27%        2d7       14%         4
 Summon Cactus Giant      Summ           4%         N/A       100%        6


Dungeon Overview and Level Annotations

Branches:
Dungeon (6/15)
 Temple: D:4-7

Altars:
Nemelex Xobeh
Okawaru
Sif Muna
Uskayaw
The Shining One

Shops:
D:1 ?   D:3 (

Annotations:
D:3 2 transporters, macfelon's ghost, amateur DECj
D:4 Pikel


Message History

The lemure shouts!
The centaur skeleton hits you but does no damage.
Your memorisation is interrupted.
The centaur skeleton kicks you but does no damage.
Unknown command.
Casting: Searing Ray (safe; 1% risk of failure)
Confirm with . or Enter, or press ? or * to list all spells.
Aiming: Searing Ray (safe; 1% risk of failure)
Press: ? - help, Shift-Dir - straight line, f - centaur skeleton
Aim: a centaur skeleton (100% to hit)
The searing ray hits the centaur skeleton!
The centaur skeleton is moderately damaged. (Press . to maintain the ray.)
The centaur skeleton hits you.
* * * LOW HITPOINT WARNING * * *
The centaur skeleton closely misses you.
Unknown command.
The searing ray hits the centaur skeleton!
The centaur skeleton is severely damaged.
The centaur skeleton hits you.
* * * LOW HITPOINT WARNING * * *
The centaur skeleton kicks you.
* * * LOW HITPOINT WARNING * * *
The searing ray hits the centaur skeleton.
The centaur skeleton is almost destroyed.
The centaur skeleton closely misses you. x2
The searing ray hits the centaur skeleton!
You destroy the centaur skeleton!
You finish channelling your searing ray.
Pikel, Merchant of Souls comes into view.
He is wielding a +0 whip of electrocution.
Unknown command.
A bullfrog comes into view.
Things that are here:
a +0 giant club; an ogre corpse You miss the bullfrog.
The bullfrog gives a loud, deep croak!
The bullfrog hits you.
* * * LOW HITPOINT WARNING * * *
The lemure hits you!
You die...

..# #.# #.# ## #
#.### #...# ###
#.#.. ...#. #..
#.#.# .#... #.#
######
#.#.###K#.#.###F#
#.....
##.#.##.....5.##@#
#.####
...#.##.##.#..##5#
### ##.####
#..>....##.#...5.#
#.. ..##..
#.##..........####
#.# #.##.#
#.#####.##.##.#
###.####.##.# #.#
#.#...#.#
#...........#
..### #......(#
#...#.......#
....# ###...###
##.....##.####
###.# #...#
#.........####


You could see 2 lemures and a bullfrog.

Vanquished Creatures
  A black bear (D:4)
  3 ogres
  A necrophage (D:4)
  A lemure (D:4)
  A centaur zombie (D:5)
  2 hounds
  A bullfrog skeleton (D:4)
  A centaur skeleton (D:4)
  An iguana (D:5)
  Terence (D:2)
  5 gnolls
  5 adders
  3 worms
  2 dart slugs (D:2)
  9 ball pythons
  8 endoplasms
  3 giant cockroaches
  4 goblins
  3 hobgoblins
  3 kobolds
  5 quokkas
  6 bats (D:1)
  2 frilled lizards (D:1)
  6 rats
77 creatures vanquished.

Notes
Turn   | Place    | Note
-------+----------+-------------------------------------------
     0 | D:1      | Diggabert the Deep Elf Conjurer began the quest for the
                  | Orb.
     0 | D:1      | Reached XP level 1. HP: 10/10 MP: 6/6
   158 | D:1      | Reached XP level 2. HP: 15/15 MP: 4/8
   161 | D:1      | Learned a level 2 spell: Searing Ray
   230 | D:1      | Found Ovismad's Magic Scroll Shoppe.
   369 | D:1      | Reached skill level 5 in Conjurations
   586 | D:1      | Reached XP level 3. HP: 19/20 MP: 4/9
   590 | D:1      | Learned a level 3 spell: Dazzling Flash
  1088 | D:2      | Noticed Terence
  1095 | D:2      | Killed Terence
  1096 | D:2      | Reached XP level 4. HP: 24/24 MP: 0/11
  1241 | D:2      | Learned a level 4 spell: Fulminant Prism
  1252 | D:2      | Reached skill level 1 in Hexes
  1253 | D:2      | Reached skill level 6 in Conjurations
  1269 | D:2      | Reached skill level 1 in Fighting
  1725 | D:2      | Reached XP level 5. HP: 29/29 MP: 10/12
  2150 | D:2      | Found a faded altar of an unknown god.
  2197 | D:3      | Noticed macfelon's ghost (amateur DECj)
  2198 | D:3      | Found a transporter.
  2198 | D:3      | Noticed an ogre
  2199 | D:3      | Noticed an ogre
  2201 | D:3      | Found Ynwameme's Weapon Emporium.
  2566 | D:3      | You fall into a shaft and drop 3 floors!
  2566 | D:6      | Noticed an ogre
  2573 | D:6      | Killed an ogre
  2693 | D:6      | Noticed an orc warrior
  2696 | D:5      | Entered Level 5 of the Dungeon
  2832 | D:5      | Reached XP level 6. HP: 31/34 MP: 7/14
  3242 | D:4      | Reached skill level 5 in Spellcasting
  3242 | D:4      | Reached skill level 7 in Conjurations
  3282 | D:4      | Reached XP level 7. HP: 38/38 MP: 8/17
  3434 | D:4      | Found a sparkling altar of Nemelex Xobeh.
  3508 | D:3      | Found a hide-covered altar of Uskayaw.
  3508 | D:3      | Found a glowing golden altar of the Shining One.
  3508 | D:3      | Found a shimmering blue altar of Sif Muna.
  3508 | D:3      | Found an iron altar of Okawaru.
  4045 | D:3      | Found a transporter.
  4395 | D:4      | Noticed Pikel
  4398 | D:4      | Slain by a lemure

Illustrated notes

Levels and vault maps discovered:
D:1:      wander_arrival_peaceful_grave, layout_rooms, serial_shops,
          nicolae_square_shop, st_stairs_7, grunt_decor_one_mirror
D:2:      layout_loops_corners, shapermc_ecumenical_altar_hornbeckon,
          st_stairs_8, uniq_terence
D:3:      layout_basic, nicolae_overflow_hidden_temple, serial_shops, shop,
          cheibrodos_sewer_entry_bend, gammafunk_ghost_smash,
          serial_bayou_pond_e
D:4:      layout_loops_cross, mainiacjoe_overflow_alcove_2, uniq_pikel
D:5:      gammafunk_cloud_chamber, layout_basic, chequers_arboretum,
          minmay_misc_feat_tiny
D:6:      layout_cave_pools, mainiacjoe_overflow_surrounded_room,
          mainiacjoe_overflow_tiny_flanked, minmay_temple_entry_glass

Skill      XL: |  1  2  3  4  5  6  7 |
---------------+----------------------+-----
Conjurations   | 5 6 7 |  7.7
Hexes          | 1 2 |  2.9
Fighting       | 1 |  1.9
Spellcasting   | 4 5 6 |  6.5
Dodging        | 3 |  3.8
Stealth        | |  2.4

Action                   |  1- 3 |  4- 6 |  7- 9 || total
-------------------------+-------+-------+-------++-------
Melee: Short sword       |       |     3 |     1 ||     4
 Cast: Magic Dart        |    55 |    35 |     9 ||    99
       Searing Ray       |     6 |    19 |    10 ||    35
  Use: Scroll            |       |     3 |       ||     3
Armor: Robe              |       |     3 |     2 ||     5
Dodge: Dodged            |       |    13 |     7 ||    20
